Map: Coda LE

Players

Livibee

  • Race: Zerg Zerg
  • Spawn Location: 11:00

Wintersc2 (Winter) - Winner!

  • Race: Terran Terran
  • Spawn Location: 5:00

VOD

Have the link to the VOD?

Description

Time

  • Played on: April 2, 2015, 2:35 a.m.
  • Length: 11:54
Show
View Real Time Build Order
Export as new Build Order

Livibee Zerg 

Build Orders: Hatch First, Muta Ling Bane 

Get SALT Encoding   

  12  0:04  Drone  
  13  0:16  Drone  
  14  0:35  Hatchery  
  13  0:41  Drone  
  14  0:48  Overlord  
  14  1:02  Spawning Pool  
  13  1:06  Drone  
  13  1:10  Drone  
  15  1:14  Drone  
  16  1:19  Drone  
  17  1:28  Drone  
  18  1:45  Drone  
  19  1:48  Drone  
  19  1:49  Queen x2  
  19  1:50  Zergling x2  
  25  2:01  Overlord  
  25  2:02  Drone  
  26  2:09  Drone  
  26  2:11  Drone  
  28  2:21  Drone  
  29  2:24  Overlord  
  29  2:35  Overlord  
  29  2:43  Queen  
  31  2:45  Hatchery  
  30  2:52  Overlord  
  30  2:54  Drone x2  
  30  2:55  Drone  
  33  3:02  Drone x3  
  33  3:04  Drone  
  37  3:09  Overlord  
  37  3:16  Zergling x4  
  37  3:18  Overlord  
  39  3:24  Drone x3  
  42  3:27  Extractor  
  42  3:28  Extractor  
  42  3:32  Drone x2  
  42  3:33  Drone x2  
  44  3:37  Drone  
  44  3:38  Drone  
  44  3:40  Drone  
  47  3:43  Drone  
  48  3:51  Overlord  
  48  4:00  Extractor  
  48  4:01  Extractor  
  44  4:08  Zergling x6  
  47  4:12  Queen  
  47  4:14  Drone  
  47  4:15  Drone x7  
  57  4:22  Overlord  
  56  4:34  Lair  
  55  4:40  Extractor x2  
  55  4:41  Queen  
  55  4:47  Queen  
  57  5:03  Drone x5  
  57  5:04  Drone x4  
  66  5:09  Overlord x3  
  58  5:48  Spire  
  54  5:53  Zergling x2  
  54  5:54  Zergling x18  
  58  6:13  Spore Crawler  
  53  6:39  Drone x10  
  62  6:40  Drone  
  62  7:01  Mutalisk x4  
  68  7:13  Mutalisk x4  
  72  7:24  Drone  
  72  7:25  Drone x5  
  74  7:41  Drone x8  
  80  7:59  Drone x6  
  86  8:08  Zergling x4  
  84  8:13  Baneling Nest  
  84  8:15  Zergling x2  
  84  8:16  Zergling x2  
  83  8:32  Zergling x2  
  83  8:33  Zergling x12  
  88  8:47  Zergling x4  
  42  9:14  Drone x3  
  42  9:15  Drone x12  
  57  9:18  Mutalisk  
  59  9:33  Drone x4  
  59  9:34  Baneling Nest  
  59  9:38  Mutalisk x2  
  62  9:40  Zergling x2  
  67  9:51  Drone x6  
  67  9:52  Drone  
  74  9:57  Hatchery  
  74  9:59  Mutalisk  
  67  10:00  Mutalisk x4  
  73  10:20  Baneling  
  73  10:21  Baneling x5  
  71  10:22  Zergling x16  
  71  10:24  Centrifical Hooks  
  79  10:38  Drone x2  
  79  10:39  Drone x2  
  79  10:40  Drone x3  
  79  10:41  Drone x2  
  79  10:42  Drone x2  
  90  10:46  Baneling x9  
  90  10:47  Baneling  
  90  10:48  Overlord x3  
  90  10:51  Overlord  
  79  11:12  Zergling x30  
  79  11:16  Drone x4  
  84  11:37  Zergling x4  
Show
View Real Time Build Order
Export as new Build Order

Wintersc2 Terran - Winner!

Build Orders: 1/1/1, MMM Bio, Siege Tank Drop 

Get SALT Encoding   

  12  0:01  SCV  
  13  0:17  Supply Depot  
  13  0:19  SCV  
  14  0:28  Refinery  
  14  0:31  SCV  
  15  0:44  Barracks  
  15  0:49  SCV  
  16  1:01  SCV  
  17  1:12  Refinery  
  17  1:13  SCV  
  19  1:34  Factory, Marine  
  19  1:37  Orbital Command  
  19  1:52  Marine  
  20  1:55  Supply Depot  
  20  2:04  SCV  
  20  2:07  Supply Depot  
  21  2:19  SCV  
  22  2:26  Factory Tech Lab  
  22  2:27  Starport  
  22  2:33  SCV  
  22  2:45  SCV  
  22  2:46  Siege Tank  
  26  2:57  SCV  
  27  3:07  Medivac  
  27  3:09  SCV  
  30  3:22  Siege Tank  
  30  3:23  Marine  
  30  3:24  SCV  
  35  3:27  Supply Depot  
  35  3:36  SCV  
  36  3:48  Medivac  
  38  3:51  Supply Depot  
  38  3:55  Command Center  
  38  4:07  SCV  
  39  4:13  Hellion  
  41  4:20  SCV  
  41  4:23  Factory  
  42  4:32  SCV  
  42  4:38  Barracks Reactor  
  43  4:44  SCV  
  44  4:48  Siege Tank, Barracks x2  
  47  4:54  Barracks  
  47  4:56  SCV  
  47  4:57  Barracks  
  48  5:01  Viking  
  50  5:26  SCV  
  50  5:27  Marine  
  50  5:28  Orbital Command, Marine  
  53  5:49  Orbital Command  
  53  5:53  SCV  
  53  5:54  Barracks Tech Lab  
  53  5:55  Barracks Reactor x2  
  54  5:59  Barracks Reactor  
  54  6:09  SCV  
  54  6:10  Marine x2  
  57  6:12  Engineering Bay  
  57  6:14  SCV  
  58  6:23  SCV  
  59  6:27  SCV  
  60  6:35  SCV  
  60  6:38  Marine  
  60  6:39  SCV, Marine x4  
  67  6:40  Stimpack, Starport Reactor  
  67  6:41  Siege Tank  
  70  6:53  Supply Depot  
  70  6:54  Supply Depot  
  70  6:56  Command Center  
  70  7:09  Supply Depot x2  
  70  7:10  Terran Infantry Weapons Level 1  
  70  7:14  SCV x2, Marine x4  
  76  7:18  Marauder  
  78  7:24  Marine  
  78  7:26  SCV x2  
  78  7:28  Missile Turret  
  78  7:39  SCV x2, Marine x5  
  78  7:40  Marine x3  
  81  7:45  Medivac  
  81  7:51  SCV x2  
  85  7:55  Missile Turret  
  85  7:56  Missile Turret  
  85  8:01  Marine x2  
  85  8:03  SCV x2  
  85  8:04  Missile Turret  
  89  8:11  Marine x3  
  89  8:12  Marine x2  
  94  8:14  Marine x2  
  94  8:15  SCV  
  94  8:18  Missile Turret, Marine  
  94  8:19  Marine  
  99  8:21  SCV  
  98  8:29  Medivac x2  
  95  8:35  SCV  
  95  8:36  Marine x3  
  95  8:37  Marine x2  
  95  8:40  SCV, Marine  
  98  8:50  Marine x2  
  94  9:00  Marine x2  
  94  9:01  Marine x4  
  91  9:04  Orbital Command  
  81  9:10  Marine x3  
  81  9:13  SCV  
  77  9:24  Refinery x2  
  77  9:27  Missile Turret  
  77  9:29  Combat Shields, Missile Turret  
  77  9:31  SCV x2  
  77  9:36  Marine x4  
  83  9:41  Factory Tech Lab  
  83  9:43  SCV, Missile Turret  
  84  9:47  Missile Turret  
  84  9:49  Marine x2  
  84  9:52  Medivac  
  88  9:53  Missile Turret  
  88  9:55  Orbital Command  
  86  10:01  Marine x2  
  86  10:02  Marine x5  
  86  10:04  SCV  
  86  10:05  Widow Mine  
  96  10:07  SCV  
  97  10:18  Marine x2  
  97  10:19  Marine  
  97  10:20  Marine x2  
  97  10:21  Marine x4  
  104  10:23  SCV  
  104  10:25  Missile Turret  
  104  10:26  Medivac  
  104  10:28  SCV  
  110  10:30  SCV  
  111  10:35  SCV  
  111  10:36  Marine x2  
  111  10:37  Marine  
  111  10:40  SCV  
  111  10:41  Marine  
  117  10:46  Engineering Bay  
  117  11:00  Factory x2  
  117  11:01  Supply Depot x2, Widow Mine  
  117  11:02  SCV x2, Marine x3  
  117  11:04  Supply Depot  
  124  11:13  Marine  
  124  11:18  Refinery  
  125  11:19  Refinery  
  125  11:20  Missile Turret  
  125  11:22  SCV, Marine x2  
  125  11:24  Marine  
  125  11:25  Missile Turret  
  129  11:31  Marine  
  122  11:33  Marine  
Tags
 
Matchup
TvZ
Replay Pack
winter
Spawn Locations
Cross Positions
Add a new tag
Caveats
  • Supply blocks, unpowered buildings, or Contaminate may cause inaccurate times.
  • Supply counts are checked every 10 seconds.